 Dungeon Crawl Stone Soup version 0.28-a0-1524-ge72afd5fc6 (webtiles) character file.

Game seed: 7719909257549871843

328 derath95 the Skirmisher (level 6, -4/48 HPs)
             Began as a Demonspawn Fighter on Jan 17, 2022.
             Was a Believer of Wu Jian.
             Slain by a sky beast (5 damage)
             ... on level 4 of the Dungeon.
             The game lasted 00:09:54 (3014 turns).

derath95 the Skirmisher (Demonspawn Fighter)        Turns: 3014, Time: 00:09:56

Health: -4/48      AC:  8    Str: 18    XL:     6   Next: 25%
Magic:  9/9        EV:  9    Int: 10    God:    Wu Jian [**....]
Gold:   83         SH:  4    Dex: 12    Spells: 9/9 levels left

rFire   . . .      SeeInvis .   a - +0 war axe
rCold   . . .      Faith    .   c - +0 buckler
rNeg    . . .      Spirit   .   b - +0 scale mail
rPois   .          Reflect  .   (no helmet)
rElec   .          Harm     .   (no cloak)
rCorr   .          Rampage  .   (no gloves)
Will    .....                   p - +0 pair of boots
Stlth   ..........              (no amulet)
HPRegen 0.16/turn               (no ring)
MPRegen 0.11/turn               (no ring)

@: attractive
A: ignite blood 2, demonic touch 1
a: Renounce Religion, Wall Jump


You were on level 4 of the Dungeon.
You worshipped Wu Jian.
Wu Jian was pleased with you.
You visited 1 branch of the dungeon, and saw 4 of its levels.

You collected 83 gold pieces.

Inventory:

Hand Weapons
 a - a +0 war axe (weapon)
Missiles
 h - a throwing net (quivered)
Armour
 b - a +0 scale mail (worn)
 c - a +0 buckler (worn)
 p - a +0 pair of boots (worn)
Jewellery
 q - a ring of positive energy
Scrolls
 f - 2 scrolls of enchant weapon {unknown}
 g - a scroll of teleportation {unknown}
 i - a scroll of amnesia {unknown}
 j - 2 scrolls of vulnerability {unknown}
 m - a scroll of identify {unknown}
 n - a scroll of blinking {unknown}
 o - a scroll of noise {unknown}
Potions
 d - a potion of might
 e - 2 potions of attraction
 k - a potion of haste {unknown}
 l - a potion of heal wounds {unknown}


   Skills:
 + Level 4.0 Fighting
 + Level 2.9(3.2) Axes
 + Level 1.9(2.7) Maces & Flails
 + Level 3.6 Armour
 + Level 3.5 Shields
 + Level 2.0 Spellcasting


You had 9 spell levels left.
You didn't know any spells.
Your spell library contained the following spells:

 Spells                   Type           Power      Damage    Failure   Level
 Alistair's Intoxication  Tmut/Pois      0%         N/A       100%        5
 Borgnjor's Vile Clutch   Necr/Erth      0%         N/A       100%        5
 Eringya's Noxious Bog    Tmut/Pois      0%         N/A       100%        6


Dungeon Overview and Level Annotations

Branches:
Dungeon (4/15)
 Temple: D:4-7

Altars:
Wu Jian

Shops:
D:2 =


Innate Abilities, Weirdness & Mutations

Your demonic aura often causes spilled blood to erupt in flames.
Your touch may inflict minor irresistible damage on your foes.


Message History

The centaur skeleton hits you but does no damage.
The centaur skeleton closely misses you.
You closely miss something. You slash the centaur skeleton! Something hits you.
Something shocks you.
The centaur skeleton barely misses you. x2
You hit something but do no damage. You slash the centaur skeleton!
You block the centaur skeleton's attack.
The centaur skeleton kicks you but does no damage.
Something hits you but does no damage. The centaur skeleton hits you.
The centaur skeleton kicks you but does no damage.
Something hits you. Something shocks you.
You closely miss something. You barely miss something.
You block something's attack.
A sky beast appears from thin air!
Reactivating autopickup.
The sky beast barely misses you.
You slash the sky beast!
The sky beast is moderately wounded.
The sky beast hits you. The sky beast shocks you.
* * * LOW HITPOINT WARNING * * *
You hit the sky beast.
The sky beast is heavily wounded.
The sky beast flickers out of sight!
Deactivating autopickup; reactivate with Ctrl-A.
Something hits you but does no damage.
You barely miss something.
Something hits you but does no damage. x2
You slash something! Something hits you but does no damage.
You closely miss something.
Something hits you but does no damage. x2
You miss something. You block something's attack.
You closely miss something. Something hits you. Something shocks you.
* * * LOW HITPOINT WARNING * * *
You miss something. Something hits you but does no damage. Something hits you.
* * * LOW HITPOINT WARNING * * *
Something shocks you.
* * * LOW HITPOINT WARNING * * *
It was a potion of attraction.
You feel attractive to monsters. Something hits you.
* * * LOW HITPOINT WARNING * * *
Something shocks you.
You die...

########
#......#
#######.####.#
#.......# #.#
#.####### #@#
#.# #{# #.#
#...Z....# #.#
...............
#####.#
.##...###...#.#
......# #....
...# .######
....). .$.(# .#
..... ..#.# .#
#.#.. .....


You could see a centaur skeleton.

Vanquished Creatures
  Sigmund (D:2)
  3 orc wizards (D:3)
  An adder (D:2)
  3 worms (D:2)
  7 orcs (D:3)
  6 bats
  6 endoplasms
  5 giant cockroaches
  6 goblins
  8 hobgoblins
  4 jackals (D:2)
  6 kobolds
  A quokka (D:2)
  3 ball pythons
  6 frilled lizards
  5 rats
71 creatures vanquished.

Notes
Turn   | Place    | Note
-------+----------+-------------------------------------------
     0 | D:1      | derath95 the Demonspawn Fighter began the quest for the
                  | Orb.
     0 | D:1      | Reached XP level 1. HP: 18/18 MP: 1/1
   231 | D:1      | Gained mutation: Your demonic aura sometimes causes spilled
                  | blood to erupt in flames. [demonic ancestry]
   231 | D:1      | Reached XP level 2. HP: 24/24 MP: 2/2
   858 | D:2      | Gained mutation: Your demonic aura often causes spilled
                  | blood to erupt in flames. [demonic ancestry]
   858 | D:2      | Reached XP level 3. HP: 26/29 MP: 3/3
  1404 | D:2      | Noticed Sigmund
  1410 | D:2      | Killed Sigmund
  1411 | D:2      | Reached skill level 1 in Maces & Flails
  1411 | D:2      | Reached skill level 1 in Spellcasting
  1411 | D:2      | Gained mutation: Your touch may inflict minor irresistible
                  | damage on your foes. [demonic ancestry]
  1411 | D:2      | Reached XP level 4. HP: 17/37 MP: 3/6
  1411 | D:2      | Reached XP level 5. HP: 20/42 MP: 3/7
  1740 | D:2      | Found a faded altar of an unknown god.
  1743 | D:2      | Prayed at the altar of an unknown god.
  1743 | D:2      | Became a worshipper of the Wu Jian Council
  1743 | D:2      | Reached * piety under Wu Jian
  2002 | D:2      | Found Gonoak's Jewellery Emporium.
  2360 | D:3      | Reached XP level 6. HP: 46/48 MP: 8/8
  2402 | D:3      | Reached ** piety under Wu Jian
  2410 | D:3      | Reached skill level 4 in Fighting
  2992 | D:4      | Noticed a sky beast
  3013 | D:4      | HP: 2/48 [something (6)]
  3014 | D:4      | Slain by a sky beast

Illustrated notes

Levels and vault maps discovered:
D:1:      shiori_arrival_oz, layout_loops_cross
D:2:      minmay_chambers_of_ones, layout_loops_cross, serial_shops,
          nicolae_shop_stone, hellmonk_ecumenical_altar_heavens_door,
          uniq_sigmund
D:3:      layout_basic
D:4:      layout_loops_ring, amcnicky_altar_gilded,
          mainiacjoe_overflow_alcove_4, st_stairs_6

Skill      XL: |  1  2  3  4  5  6 |
---------------+-------------------+-----
Axes           | 2 |  2.9
Armour         | 3 |  3.6
Shields        | 3 |  3.5
Maces & Flails | 1 |  1.9
Spellcasting   | 1 2 |  2.0
Fighting       | 4 |  4.0

Action                   |  1- 3 |  4- 6 || total
-------------------------+-------+-------++-------
Melee: War axe           |    98 |    90 ||   188
Invok: Lunge             |       |     3 ||     3
  Use: Potion            |       |     1 ||     1
Armor: Scale mail        |    55 |    35 ||    90
Dodge: Dodged            |    40 |    40 ||    80
Block: Buckler           |    25 |    23 ||    48

Table legend: (Time is in decaauts)
 A = Elapsed time spent in this place.
 B = Non-inter-level travel time spent in this place.
 C = Inter-level travel time spent in this place.
 D = Time resting spent in this place.
 E = Time spent auto-exploring this place.
 F = Levels seen in this place.
 G = Mean time per level.
                   A        B        C        D        E       F      G
               +--------+--------+--------+--------+--------+-----+--------+
         Total |   3090 |   3056 |     34 |      0 |   2401 |   4 |  772.5 |
       Dungeon |   3090 |   3056 |     34 |      0 |   2401 |   4 |  772.5 |
               +--------+--------+--------+--------+--------+-----+--------+

Top non-repeatable levels by time:
     D:2: 1336 daAuts
     D:1: 877 daAuts
     D:3: 815 daAuts
     D:4: 60 daAuts
